Workbook

Sheet Payroll
C1: Payroll
C3: Locations | D3: Colombo / Galle / Kandy
C4: Year | D4: 2025
C5: Month | D5: May
A7: Emp# | B7: Location | C7: Name | D7: Designation | E7: EPF No. | F7: Basic Salary | G7: Salary Arrears / (No Pay) | H7: Gross Salary | I7: Additional Allowance | J7: Market Suppliment | K7: Over Time | L7: Total Earnings | M7: EPF 8% | N7: PAYE Tax | O7: Stamp Duty | P7: Loan Installment | Q7: Other Deductions | R7: Net Salary | S7: EPF 12% | T7: ETF 3%
A8: 1 | B8: Colombo | C8: Ajith Silva | D8: Finance Manager | E8: 5 | F8: 250000 | G8: 0 | H8: =F8+G8 -> 250000 | I8: 15000 | J8: 5000 | K8: 0 | L8: =SUM(H8:K8) -> 270000 | M8: =H8*8% -> 20000 | N8: =IF(L8<=150000,0,IF(L8<=233333,(L8-150000)*6%,IF(L8<=275000,5000+(L8-233333)*18%,IF(L8<=317000,12500+(L8-275000)*24%,IF(L8<=358333,22500+(L8-317000)*30%,35000+(L8-358333)*36%))))) -> 11600.06 | O8: 25 | P8: 5000 | Q8: 0 | R8: =L8-(M8+N8+O8+P8+Q8) -> 233374.94 | S8: =H8*12% -> 30000 | T8: =H8*3% -> 7500
A9: 2 | B9: Colombo | C9: Pushparani Fernando | D9: Operations Manager | E9: 7 | F9: 200000 | G9: 0 | H9: =F9+G9 -> 200000 | I9: 15000 | J9: 5000 | K9: 0 | L9: =SUM(H9:K9) -> 220000 | M9: =H9*8% -> 16000 | N9: =IF(L9<=150000,0,IF(L9<=233333,(L9-150000)*6%,IF(L9<=275000,5000+(L9-233333)*18%,IF(L9<=317000,12500+(L9-275000)*24%,IF(L9<=358333,22500+(L9-317000)*30%,35000+(L9-358333)*36%))))) -> 4200 | O9: 25 | P9: 0 | Q9: 0 | R9: =L9-(M9+N9+O9+P9+Q9) -> 199775 | S9: =H9*12% -> 24000 | T9: =H9*3% -> 6000
A10: 3 | B10: Colombo | C10: Kamal Perera | D10: Marketing Manager | E10: 8 | F10: 200000 | G10: 0 | H10: =F10+G10 -> 200000 | I10: 15000 | J10: 5000 | K10: 0 | L10: =SUM(H10:K10) -> 220000 | M10: =H10*8% -> 16000 | N10: =IF(L10<=150000,0,IF(L10<=233333,(L10-150000)*6%,IF(L10<=275000,5000+(L10-233333)*18%,IF(L10<=317000,12500+(L10-275000)*24%,IF(L10<=358333,22500+(L10-317000)*30%,35000+(L10-358333)*36%))))) -> 4200 | O10: 25 | P10: 0 | Q10: 0 | R10: =L10-(M10+N10+O10+P10+Q10) -> 199775 | S10: =H10*12% -> 24000 | T10: =H10*3% -> 6000
A11: 4 | B11: Colombo | C11: Joanne Fernando | D11: HR Manager | E11: 9 | F11: 180000 | G11: 0 | H11: =F11+G11 -> 180000 | I11: 15000 | J11: 5000 | K11: 0 | L11: =SUM(H11:K11) -> 200000 | M11: =H11*8% -> 14400 | N11: =IF(L11<=150000,0,IF(L11<=233333,(L11-150000)*6%,IF(L11<=275000,5000+(L11-233333)*18%,IF(L11<=317000,12500+(L11-275000)*24%,IF(L11<=358333,22500+(L11-317000)*30%,35000+(L11-358333)*36%))))) -> 3000 | O11: 25 | P11: 0 | Q11: 0 | R11: =L11-(M11+N11+O11+P11+Q11) -> 182575 | S11: =H11*12% -> 21600 | T11: =H11*3% -> 5400
A12: 5 | B12: Galle | C12: Riyaz Ahmed | D12: Marketing Executive | E12: 10 | F12: 100000 | G12: 0 | H12: =F12+G12 -> 100000 | I12: 10000 | J12: 0 | K12: 5000 | L12: =SUM(H12:K12) -> 115000 | M12: =H12*8% -> 8000 | N12: =IF(L12<=150000,0,IF(L12<=233333,(L12-150000)*6%,IF(L12<=275000,5000+(L12-233333)*18%,IF(L12<=317000,12500+(L12-275000)*24%,IF(L12<=358333,22500+(L12-317000)*30%,35000+(L12-358333)*36%))))) -> 0 | O12: 25 | P12: 0 | Q12: 0 | R12: =L12-(M12+N12+O12+P12+Q12) -> 106975 | S12: =H12*12% -> 12000 | T12: =H12*3% -> 3000
A13: 6 | B13: Galle | C13: Diloshi Perera | D13: Marketing Executive | E13: 11 | F13: 100000 | G13: =-F13/30 -> -3333.3333 | H13: =F13+G13 -> 96666.667 | I13: 10000 | J13: 0 | K13: 0 | L13: =SUM(H13:K13) -> 106666.67 | M13: =H13*8% -> 7733.3333 | N13: =IF(L13<=150000,0,IF(L13<=233333,(L13-150000)*6%,IF(L13<=275000,5000+(L13-233333)*18%,IF(L13<=317000,12500+(L13-275000)*24%,IF(L13<=358333,22500+(L13-317000)*30%,35000+(L13-358333)*36%))))) -> 0 | O13: 25 | P13: 0 | Q13: 0 | R13: =L13-(M13+N13+O13+P13+Q13) -> 98908.333 | S13: =H13*12% -> 11600 | T13: =H13*3% -> 2900
A14: 7 | B14: Galle | C14: Kanthi Silva | D14: Finance Executive | E14: 12 | F14: 100000 | G14: 0 | H14: =F14+G14 -> 100000 | I14: 10000 | J14: 0 | K14: 0 | L14: =SUM(H14:K14) -> 110000 | M14: =H14*8% -> 8000 | N14: =IF(L14<=150000,0,IF(L14<=233333,(L14-150000)*6%,IF(L14<=275000,5000+(L14-233333)*18%,IF(L14<=317000,12500+(L14-275000)*24%,IF(L14<=358333,22500+(L14-317000)*30%,35000+(L14-358333)*36%))))) -> 0 | O14: 25 | P14: 0 | Q14: 0 | R14: =L14-(M14+N14+O14+P14+Q14) -> 101975 | S14: =H14*12% -> 12000 | T14: =H14*3% -> 3000
A15: 8 | B15: Kandy | C15: Lalitha Perera | D15: Marketing Executive | E15: 13 | F15: 100000 | G15: 0 | H15: =F15+G15 -> 100000 | I15: 10000 | J15: 0 | K15: 0 | L15: =SUM(H15:K15) -> 110000 | M15: =H15*8% -> 8000 | N15: =IF(L15<=150000,0,IF(L15<=233333,(L15-150000)*6%,IF(L15<=275000,5000+(L15-233333)*18%,IF(L15<=317000,12500+(L15-275000)*24%,IF(L15<=358333,22500+(L15-317000)*30%,35000+(L15-358333)*36%))))) -> 0 | O15: 25 | P15: 0 | Q15: 0 | R15: =L15-(M15+N15+O15+P15+Q15) -> 101975 | S15: =H15*12% -> 12000 | T15: =H15*3% -> 3000
A16: 9 | B16: Kandy | C16: Rohan Almeida | D16: Finance Executive | E16: 14 | F16: 80000 | G16: 0 | H16: =F16+G16 -> 80000 | I16: 10000 | J16: 0 | K16: 2000 | L16: =SUM(H16:K16) -> 92000 | M16: =H16*8% -> 6400 | N16: =IF(L16<=150000,0,IF(L16<=233333,(L16-150000)*6%,IF(L16<=275000,5000+(L16-233333)*18%,IF(L16<=317000,12500+(L16-275000)*24%,IF(L16<=358333,22500+(L16-317000)*30%,35000+(L16-358333)*36%))))) -> 0 | O16: 25 | P16: 0 | Q16: 0 | R16: =L16-(M16+N16+O16+P16+Q16) -> 85575 | S16: =H16*12% -> 9600 | T16: =H16*3% -> 2400
A17: 10 | B17: Kandy | C17: Kamani Kumar | D17: Marketing Executive | E17: 15 | F17: 80000 | G17: =F17-(F17/30*24) -> 16000 | H17: =F17+G17 -> 96000 | I17: 10000 | J17: 0 | K17: 0 | L17: =SUM(H17:K17) -> 106000 | M17: =H17*8% -> 7680 | N17: =IF(L17<=150000,0,IF(L17<=233333,(L17-150000)*6%,IF(L17<=275000,5000+(L17-233333)*18%,IF(L17<=317000,12500+(L17-275000)*24%,IF(L17<=358333,22500+(L17-317000)*30%,35000+(L17-358333)*36%))))) -> 0 | O17: 25 | P17: 0 | Q17: 0 | R17: =L17-(M17+N17+O17+P17+Q17) -> 98295 | S17: =H17*12% -> 11520 | T17: =H17*3% -> 2880
F18: =SUM(F8:F17) -> 1390000 | G18: =SUM(G8:G17) -> 12666.667 | H18: =SUM(H8:H17) -> 1402666.7 | I18: =SUM(I8:I17) -> 120000 | J18: =SUM(J8:J17) -> 20000 | K18: =SUM(K8:K17) -> 7000 | L18: =SUM(L8:L17) -> 1549666.7 | M18: =SUM(M8:M17) -> 112213.33 | ... T18: =SUM(T8:T17) -> 42080
A22: Prepared By: | F22: Authorised By | J22: Approved By
A24: Date | F24: Date | J24: Date

Sheet Pay Slips
A1: ABC Company Ltd | E1: ABC Company Ltd
A2: Salary Statement | E2: Salary Statement
A3: =_xlfn.CONCAT(Payroll!$D$5," ",Payroll!$D$4) -> May 2025 | E3: =_xlfn.CONCAT(Payroll!$D$5," ",Payroll!$D$4) -> May 2025
A5: Name | B5: =Payroll!C$8 -> Ajith Silva | E5: Name | F5: =Payroll!C9 -> Pushparani Fernando
A6: Designation | B6: =Payroll!D$8 -> Finance Manager | E6: Designation | F6: =Payroll!D9 -> Operations Manager
A7: EPF No. | B7: =Payroll!E$8 -> 5 | E7: EPF No. | F7: =Payroll!E9 -> 7
A8: Basic Salary | B8: =Payroll!F$8 -> 250000 | E8: Basic Salary | F8: =Payroll!F9 -> 200000
A9: Salary Arrears / (No Pay) | B9: =Payroll!G$8 -> 0 | E9: Salary Arrears / (No Pay) | F9: =Payroll!G9 -> 0
A10: Gross Salary | B10: =Payroll!H$8 -> 250000 | E10: Gross Salary | F10: =Payroll!H9 -> 200000
A11: Additional Allowance | B11: =Payroll!I$8 -> 15000 | E11: Additional Allowance | F11: =Payroll!I9 -> 15000
A12: Market Suppliment | B12: =Payroll!J$8 -> 5000 | E12: Market Suppliment | F12: =Payroll!J9 -> 5000
A13: Over Time | B13: =Payroll!K$8 -> 0 | E13: Over Time | F13: =Payroll!K9 -> 0
A14: Total Earnings | B14: =Payroll!L$8 -> 270000 | E14: Total Earnings | F14: =Payroll!L9 -> 220000
A15: EPF 8% | B15: =Payroll!M$8 -> 20000 | E15: EPF 8% | F15: =Payroll!N9 -> 4200
A16: PAYE Tax | B16: =Payroll!N$8 -> 11600.06 | E16: PAYE Tax | F16: =Payroll!M9 -> 16000
A17: Stamp Duty | B17: =Payroll!O$8 -> 25 | E17: Stamp Duty | F17: =Payroll!O9 -> 25
A18: Loan Installment | B18: =Payroll!P$8 -> 5000 | E18: Loan Installment | F18: =Payroll!P9 -> 0
A19: Other Deductions | B19: =Payroll!Q$8 -> 0 | E19: Other Deductions | F19: =Payroll!Q9 -> 0
A20: Net Salary | B20: =Payroll!R$8 -> 233374.94 | E20: Net Salary | F20: =Payroll!R9 -> 199775
A21: EPF 12% | B21: =Payroll!S$8 -> 30000 | E21: EPF 12% | F21: =Payroll!S9 -> 24000
A22: ETF 3% | B22: =Payroll!T$8 -> 7500 | E22: ETF 3% | F22: =Payroll!T9 -> 6000
A25: ABC Company Ltd | E25: ABC Company Ltd
A26: Salary Statement | E26: Salary Statement
A27: =_xlfn.CONCAT(Payroll!$D$5," ",Payroll!$D$4) -> May 2025 | E27: =_xlfn.CONCAT(Payroll!$D$5," ",Payroll!$D$4) -> May 2025
A29: Name | B29: =Payroll!C10 -> Kamal Perera | E29: Name | F29: =Payroll!C11 -> Joanne Fernando
A30: Designation | B30: =Payroll!D10 -> Marketing Manager | E30: Designation | F30: =Payroll!D11 -> HR Manager
A31: EPF No. | B31: =Payroll!E10 -> 8 | E31: EPF No. | F31: =Payroll!E11 -> 9
A32: Basic Salary | B32: =Payroll!F10 -> 200000 | E32: Basic Salary | F32: =Payroll!F11 -> 180000
A33: Salary Arrears / (No Pay) | B33: =Payroll!G10 -> 0 | E33: Salary Arrears / (No Pay) | F33: =Payroll!G11 -> 0
A34: Gross Salary | B34: =Payroll!H10 -> 200000 | E34: Gross Salary | F34: =Payroll!H11 -> 180000
A35: Additional Allowance | B35: =Payroll!I10 -> 15000 | E35: Additional Allowance | F35: =Payroll!I11 -> 15000
A36: Market Suppliment | B36: =Payroll!J10 -> 5000 | E36: Market Suppliment | F36: =Payroll!J11 -> 5000
A37: Over Time | B37: =Payroll!K10 -> 0 | E37: Over Time | F37: =Payroll!K11 -> 0
A38: Total Earnings | B38: =Payroll!L10 -> 220000 | E38: Total Earnings | F38: =Payroll!L11 -> 200000
A39: EPF 8% | B39: =Payroll!M10 -> 16000 | E39: EPF 8% | F39: =Payroll!N11 -> 3000
A40: PAYE Tax | B40: =Payroll!N10 -> 4200 | E40: PAYE Tax | F40: =Payroll!M11 -> 14400
A41: Stamp Duty | B41: =Payroll!O10 -> 25 | E41: Stamp Duty | F41: =Payroll!O11 -> 25
A42: Loan Installment | B42: =Payroll!P10 -> 0 | E42: Loan Installment | F42: =Payroll!P11 -> 0
A43: Other Deductions | B43: =Payroll!Q10 -> 0 | E43: Other Deductions | F43: =Payroll!Q11 -> 0
A44: Net Salary | B44: =Payroll!R10 -> 199775 | E44: Net Salary | F44: =Payroll!R11 -> 182575
A45: EPF 12% | B45: =Payroll!S10 -> 24000 | E45: EPF 12% | F45: =Payroll!S11 -> 21600
A46: ETF 3% | B46: =Payroll!T10 -> 6000 | E46: ETF 3% | F46: =Payroll!T11 -> 5400
A49: ABC Company Ltd | E49: ABC Company Ltd
A50: Salary Statement | E50: Salary Statement
A51: =_xlfn.CONCAT(Payroll!$D$5," ",Payroll!$D$4) -> May 2025 | E51: =_xlfn.CONCAT(Payroll!$D$5," ",Payroll!$D$4) -> May 2025
A53: Name | B53: =Payroll!C12 -> Riyaz Ahmed | E53: Name | F53: =Payroll!C13 -> Diloshi Perera
A54: Designation | B54: =Payroll!D12 -> Marketing Executive | E54: Designation | F54: =Payroll!D13 -> Marketing Executive
A55: EPF No. | B55: =Payroll!E12 -> 10 | E55: EPF No. | F55: =Payroll!E13 -> 11
A56: Basic Salary | B56: =Payroll!F12 -> 100000 | E56: Basic Salary | F56: =Payroll!F13 -> 100000
A57: Salary Arrears / (No Pay) | B57: =Payroll!G12 -> 0 | E57: Salary Arrears / (No Pay) | F57: =Payroll!G13 -> -3333.3333
A58: Gross Salary | B58: =Payroll!H12 -> 100000 | E58: Gross Salary | F58: =Payroll!H13 -> 96666.667
A59: Additional Allowance | B59: =Payroll!I12 -> 10000 | E59: Additional Allowance | F59: =Payroll!I13 -> 10000
A60: Market Suppliment | B60: =Payroll!J12 -> 0 | E60: Market Suppliment | F60: =Payroll!J13 -> 0
A61: Over Time | B61: =Payroll!K12 -> 5000 | E61: Over Time | F61: =Payroll!K13 -> 0
A62: Total Earnings | B62: =Payroll!L12 -> 115000 | E62: Total Earnings | F62: =Payroll!L13 -> 106666.67
A63: EPF 8% | B63: =Payroll!M12 -> 8000 | E63: EPF 8% | F63: =Payroll!N13 -> 0
A64: PAYE Tax | B64: =Payroll!N12 -> 0 | E64: PAYE Tax | F64: =Payroll!M13 -> 7733.3333
A65: Stamp Duty | B65: =Payroll!O12 -> 25 | E65: Stamp Duty | F65: =Payroll!O13 -> 25
A66: Loan Installment | B66: =Payroll!P12 -> 0 | E66: Loan Installment | F66: =Payroll!P13 -> 0
A67: Other Deductions | B67: =Payroll!Q12 -> 0 | E67: Other Deductions | F67: =Payroll!Q13 -> 0
A68: Net Salary | B68: =Payroll!R12 -> 106975 | E68: Net Salary | F68: =Payroll!R13 -> 98908.333
A69: EPF 12% | B69: =Payroll!S12 -> 12000 | E69: EPF 12% | F69: =Payroll!S13 -> 11600
A70: ETF 3% | B70: =Payroll!T12 -> 3000 | E70: ETF 3% | F70: =Payroll!T13 -> 2900
A73: ABC Company Ltd | E73: ABC Company Ltd
A74: Salary Statement | E74: Salary Statement
A75: =_xlfn.CONCAT(Payroll!$D$5," ",Payroll!$D$4) -> May 2025 | E75: =_xlfn.CONCAT(Payroll!$D$5," ",Payroll!$D$4) -> May 2025
A77: Name | B77: =Payroll!C14 -> Kanthi Silva | E77: Name | F77: =Payroll!C15 -> Lalitha Perera
A78: Designation | B78: =Payroll!D14 -> Finance Executive | E78: Designation | F78: =Payroll!D15 -> Marketing Executive
A79: EPF No. | B79: =Payroll!E14 -> 12 | E79: EPF No. | F79: =Payroll!E15 -> 13
A80: Basic Salary | B80: =Payroll!F14 -> 100000 | E80: Basic Salary | F80: =Payroll!F15 -> 100000
A81: Salary Arrears / (No Pay) | B81: =Payroll!G14 -> 0 | E81: Salary Arrears / (No Pay) | F81: =Payroll!G15 -> 0
A82: Gross Salary | B82: =Payroll!H14 -> 100000 | E82: Gross Salary | F82: =Payroll!H15 -> 100000
A83: Additional Allowance | B83: =Payroll!I14 -> 10000 | E83: Additional Allowance | F83: =Payroll!I15 -> 10000
A84: Market Suppliment | B84: =Payroll!J14 -> 0 | E84: Market Suppliment | F84: =Payroll!J15 -> 0
A85: Over Time | B85: =Payroll!K14 -> 0 | E85: Over Time | F85: =Payroll!K15 -> 0
A86: Total Earnings | B86: =Payroll!L14 -> 110000 | E86: Total Earnings | F86: =Payroll!L15 -> 110000
A87: EPF 8% | B87: =Payroll!M14 -> 8000 | E87: EPF 8% | F87: =Payroll!N15 -> 0
A88: PAYE Tax | B88: =Payroll!N14 -> 0 | E88: PAYE Tax | F88: =Payroll!M15 -> 8000
A89: Stamp Duty | B89: =Payroll!O14 -> 25 | E89: Stamp Duty | F89: =Payroll!O15 -> 25
A90: Loan Installment | B90: =Payroll!P14 -> 0 | E90: Loan Installment | F90: =Payroll!P15 -> 0
A91: Other Deductions | B91: =Payroll!Q14 -> 0 | E91: Other Deductions | F91: =Payroll!Q15 -> 0
A92: Net Salary | B92: =Payroll!R14 -> 101975 | E92: Net Salary | F92: =Payroll!R15 -> 101975
A93: EPF 12% | B93: =Payroll!S14 -> 12000 | E93: EPF 12% | F93: =Payroll!S15 -> 12000
A94: ETF 3% | B94: =Payroll!T14 -> 3000 | E94: ETF 3% | F94: =Payroll!T15 -> 3000
A97: ABC Company Ltd | E97: ABC Company Ltd
A98: Salary Statement | E98: Salary Statement
A99: =_xlfn.CONCAT(Payroll!$D$5," ",Payroll!$D$4) -> May 2025 | E99: =_xlfn.CONCAT(Payroll!$D$5," ",Payroll!$D$4) -> May 2025
A101: Name | B101: =Payroll!C16 -> Rohan Almeida | E101: Name | F101: =Payroll!C17 -> Kamani Kumar
A102: Designation | B102: =Payroll!D16 -> Finance Executive | E102: Designation | F102: =Payroll!D17 -> Marketing Executive
A103: EPF No. | B103: =Payroll!E16 -> 14 | E103: EPF No. | F103: =Payroll!E17 -> 15
A104: Basic Salary | B104: =Payroll!F16 -> 80000 | E104: Basic Salary | F104: =Payroll!F17 -> 80000
A105: Salary Arrears / (No Pay) | B105: =Payroll!G16 -> 0 | E105: Salary Arrears / (No Pay) | F105: =Payroll!G17 -> 16000
A106: Gross Salary | B106: =Payroll!H16 -> 80000 | E106: Gross Salary | F106: =Payroll!H17 -> 96000
A107: Additional Allowance | B107: =Payroll!I16 -> 10000 | E107: Additional Allowance | F107: =Payroll!I17 -> 10000
A108: Market Suppliment | B108: =Payroll!J16 -> 0 | E108: Market Suppliment | F108: =Payroll!J17 -> 0
A109: Over Time | B109: =Payroll!K16 -> 2000 | E109: Over Time | F109: =Payroll!K17 -> 0
A110: Total Earnings | B110: =Payroll!L16 -> 92000 | E110: Total Earnings | F110: =Payroll!L17 -> 106000
A111: EPF 8% | B111: =Payroll!M16 -> 6400 | E111: EPF 8% | F111: =Payroll!N17 -> 0
A112: PAYE Tax | B112: =Payroll!N16 -> 0 | E112: PAYE Tax | F112: =Payroll!M17 -> 7680
A113: Stamp Duty | B113: =Payroll!O16 -> 25 | E113: Stamp Duty | F113: =Payroll!O17 -> 25
...

Sheet Bank Transfer Letter
A1: 22/05/2025
A3: To
A4: The Branch Manager
A5: Name of the Bank,
A6: Address of the Bank.
A8: Sub: Employees Salary transfer letter for May 2025.
A9: Dear Sir/Madam,
A11: We ABC Company Ltd request you to kindly transfer the salaries of the following employees into their respective bank accounts by debiting from our account bearing a/c no. 1230045600789 for the month of May 2025.
A13: EMP.NO | B13: EMPLOYEE NAME | C13: SALARY | D13: BANK NAME/ BRANCH | E13: ACCOUNT NUMBER
A14: 1 | B14: =Payroll!C8 -> Ajith Silva | C14: =Payroll!R8 -> 233374.94 | D14: NSB-Colombo-3 | E14: 1+123456789+5
A15: 2 | B15: =Payroll!C9 -> Pushparani Fernando | C15: =Payroll!R9 -> 199775 | D15: NSB-Colombo-4 | E15: 1+123456789+6
A16: 3 | B16: =Payroll!C10 -> Kamal Perera | C16: =Payroll!R10 -> 199775 | D16: NSB-Colombo-5 | E16: 1+123456789+7
A17: 4 | B17: =Payroll!C11 -> Joanne Fernando | C17: =Payroll!R11 -> 182575 | D17: NSB-Colombo-6 | E17: 1+123456789+8
A18: 5 | B18: =Payroll!C12 -> Riyaz Ahmed | C18: =Payroll!R12 -> 106975 | D18: NSB-Colombo-7 | E18: 1+123456789+9
A19: 6 | B19: =Payroll!C13 -> Diloshi Perera | C19: =Payroll!R13 -> 98908.333 | D19: NSB-Colombo-8 | E19: 1+123456789+10
A20: 7 | B20: =Payroll!C14 -> Kanthi Silva | C20: =Payroll!R14 -> 101975 | D20: NSB-Colombo-9 | E20: 1+123456789+11
A21: 8 | B21: =Payroll!C15 -> Lalitha Perera | C21: =Payroll!R15 -> 101975 | D21: NSB-Colombo-10 | E21: 1+123456789+12
A22: 9 | B22: =Payroll!C16 -> Rohan Almeida | C22: =Payroll!R16 -> 85575 | D22: NSB-Colombo-11 | E22: 1+123456789+13
A23: 10 | B23: =Payroll!C17 -> Kamani Kumar | C23: =Payroll!R17 -> 98295 | D23: NSB-Colombo-12 | E23: 1+123456789+14
D24: Total | E24: =SUM(C14:C23) -> 1409203.3
A26: Thank you
A28: For the ABC Company Ltd
A32: Authorized Person name & Signatory.
